 Dungeon Crawl Stone Soup version 0.19.0-2-gae57169 (webtiles) character file.

54546 Swifterio the Thaumaturge (level 14, -14/90 HPs)
             Began as an Octopode Wizard on Nov 4, 2016.
             Was a High Priest of Sif Muna.
             Killed from afar by Azrael (54 damage)
             ... with a bolt of fire
             ... on level 2 of the Orcish Mines on Nov 5, 2016.
             The game lasted 03:55:44 (32403 turns).

Swifterio the Thaumaturge (Octopode Wizard)        Turns: 32403, Time: 03:55:46

Health: -14/90     AC:  1    Str:  9    XL:     14   Next: 73%
Magic:  21/47      EV: 16    Int: 23    God:    Sif Muna [*****.]
Gold:   1339       SH:  0    Dex: 10    Spells: 9 memorised, 12 levels left

rFire  . . .     SeeInvis .     G - staff of power
rCold  . . .     Gourm    .     (no shield)
rNeg   . . .     Faith    .     a - +0 hat
rPois  +         Spirit   .     z - amulet of magic regeneration
rElec  .         Reflect  .     C - ring of poison resistance
rCorr  +         Harm     .     I - ring of flight
MR     +....                    Y - ring of stealth
Stlth  +++++.....               S - ring of resist corrosion
                                (no ring)
                                (no ring)
                                (no ring)
                                (no ring)

@: about to teleport
A: almost no armour, stealthy swim, amphibious, 8 rings, constrict 8, camouflage
1, gelatinous body 1
a: Divine Energy, Channel Magic, Forget Spell, Renounce Religion, Evoke Flight


You were on level 2 of the Orcish Mines.
You worshipped Sif Muna.
Sif Muna was extremely pleased with you.
You were not hungry.

You visited 4 branches of the dungeon, and saw 20 of its levels.
You also visited: Volcano.

You collected 1939 gold pieces.
You spent 600 gold pieces at shops.

Inventory:

Hand Weapons
 i - a +2 trident of flaming
 q - a +0 great mace of flaming
 s - a +0 trident of protection
 B - a +6 demon trident
 H - a +7 trident of piercing
Armour
 a - a +0 hat (worn)
 N - a +0 shield of reflection
Magical Staves
 G - an uncursed staff of power (weapon)
Jewellery
 z - an amulet of magic regeneration (around mantle)
 C - a ring of poison resistance (left tentacle)
 I - a ring of flight (right tentacle)
 S - a ring of resist corrosion (on tentacle)
 Y - a ring of stealth (on tentacle)
Wands
 t - a wand of digging (7/24)
 K - a wand of lightning (0/15)
 O - a wand of slowing (6/48)
 T - a wand of teleportation (4/9)
 W - a wand of polymorph (17/24)
Scrolls
 d - a scroll of blinking
 e - a scroll of magic mapping
 f - a scroll of identify
 l - 6 scrolls of remove curse
 o - 3 scrolls of teleportation
 p - a scroll of immolation
 v - 4 scrolls of amnesia
 w - 5 scrolls of enchant armour
 y - 2 scrolls of fear
 J - 3 scrolls of recharging
Potions
 b - a potion of berserk rage {unknown}
 g - 3 potions of ambrosia
 j - 5 potions of agility
 k - 4 potions of brilliance
 m - 10 potions of curing
 n - 3 potions of resistance
 r - a potion of heal wounds
 u - 3 potions of haste
 x - 3 potions of invisibility
 D - 4 potions of mutation
 E - 2 potions of cure mutation
 F - a potion of cancellation
 L - 2 potions of might
 M - 2 potions of flight
 P - 2 potions of lignification
Books
 A - a book of the Warp

   Spells                             Type                      Level
   a - Gell's Gravitas                Hexes/Translocation          3
   b - Portal Projectile              Translocation                3
   c - Force Lance                    Conjuration/Translocation    4
   d - Dispersal                      Translocation                6
   e - Controlled Blink               Translocation                8
   f - Disjunction                    Translocation                8
Comestibles
 c - 7 bread rations
 h - 9 meat rations
 Q - 4 chunks of flesh


   Skills:
 + Level 6.5 Fighting
 + Level 6.8 Dodging
 + Level 7.3 Stealth
 * Level 14.2 Spellcasting
 * Level 13.2 Conjurations
   Level 1.0 Summonings
 * Level 6.0 Translocations
 + Level 9.5 Fire Magic


You had 12 spell levels left.
You knew the following spells:

 Your Spells              Type           Power        Failure   Level  Hunger
a - Magic Dart            Conj           ####         0%          1    None
b - Blink                 Tloc           N/A          1%          2    None
c - Conjure Flame         Conj/Fire      ######..     1%          3    None
d - Mephitic Cloud        Conj/Pois/Air  #####...     1%          3    None
e - Repel Missiles        Chrm/Air       ###...       6%          2    None
f - Fireball              Conj/Fire      ######....   1%          5    ###....
g - Iskenderun's Battles  Conj/Chrm      #####...     10%         5    ###....
q - Force Lance           Conj/Tloc      ######..     1%          4    None
x - Iskenderun's Mystic   Conj           ######..     1%          4    None


Dungeon Overview and Level Annotations

Branches:
Dungeon (12/15)            Temple (1/1) D:5            Lair (5/6) D:8
 Shoals (0/4) Lair:2        Snake (0/4) Lair:2          Orc (2/2) D:12
    Elf (0/3) Orc:2
  Slime: Lair:5-6

Altars:
Ashenzari
Cheibriados
Dithmenos
Elyvilon
Fedhas
Gozag
Hepliaklqana
Kikubaaqudgha
Makhleb
Nemelex Xobeh
Okawaru
Qazlal
Ru
Sif Muna
Trog
Uskayaw
Vehumet
Xom
Yredelemnul
Zin
The Shining One
Beogh

Shops:
D:4 ?   D:6 ?   D:11 !   Orc:2 =:((

Annotations:
Orc:2 Azrael


Innate Abilities, Weirdness & Mutations

You cannot wear most types of armour.
You are very stealthy in the water. (Stealth+)
You are amphibious.
You can wear up to eight rings at the same time.
You can use your tentacles to constrict eight enemies at once.
Your skin changes colour to match your surroundings (Stealth+).
Your rubbery body absorbs attacks. (AC +1, EV +1)


Message History

The orc warrior appears confused.
The orc warrior misses you.
Azrael screams, "Burn!
Burn!
All of it must BURN!"
Casting: Iskenderun's Mystic Blast
Confirm with . or Enter, or press ? or * to list all spells.
Aiming: Force Lance
Press: ? - help, Shift-Dir - straight line, f - hell hound, p - hell hound
Aim: a hell hound (almost dead)
The lance of force misses the hell hound.
The lance of force hits the fire elemental.
The fire elemental is heavily damaged.
The fire elemental is knocked back by the lance of force.
The hell hound bites you!
Azrael screams, "No!
No!
YES!
No!"
As you read the scroll of teleportation, it crumbles to dust.
You feel strangely unstable. The hell hound bites you. x3
Azrael gestures at you.
The bolt of fire hits the hell hound.
The hell hound completely resists.
The bolt of fire hits you!
Ouch! That really hurt!
You die...

##....§.§§§..................
##......§....................
##....)§..E..#######.###.###.#
#.......§§§..#∩....#.# #.# #.#
##......E..R.#.....#.###.###.#
#.........h..#.....#.........#
#...........h.#.....#.###.###)#
##.........[.h###'###.# #.# #..
.............h@o).o...# #.# #..
..............###'##.)###(###..
..............#....#)))).(.....
#.........#....#.)#######.#
..........#∩...#..# #.#
..........######..#######.#
...........................
.##.......................
#################


You could see Azrael, 2 fire elementals, an orc warrior (confused), 4 hell
hounds and an orc.

Vanquished Creatures
  Rupert (D:12)
  Donald (Orc:2)
  The ghost of DrakieV the Cleaver, a journeyman MiBe of Trog (D:11)
  Harold (Lair:1)
  Fannar (Lair:3)
  5 hydras
  A centaur warrior (D:12)
  4 death yaks (Lair:3)
  The ghost of androgeny the Cleaver, a novice FoFi of Okawaru (D:9)
  6 orc high priests (Orc:2)
  2 hill giants
  A deep elf mage (D:12)
  An oklob plant (Lair:4)
  2 orc sorcerers
  4 ugly things
  2 manticores
  Maurice (D:10)
  3 elephants (Lair:4)
  4 black mambas
  2 molten gargoyles (Volcano)
  8 spiny frogs
  A smoke demon (Volcano)
  2 rime drakes
  3 komodo dragons
  A red devil (Volcano)
  2 trolls (Orc:1)
  6 slime creatures (D:12)
  A hornet (Lair:4)
  3 two-headed ogres
  8 blink frogs
  13 hippogriffs
  A spriggan (D:7)
  A wraith (D:9)
  A fire bat (Volcano)
  A wyvern (Lair:3)
  18 yaks
  A basilisk (Lair:1)
  A hungry ghost (D:11)
  8 wargs
  4 vampire mosquitoes (D:12)
  A soldier ant (D:11)
  8 porcupines
  A hell hound (Orc:2)
  11 water moccasins
  2 sky beasts
  2 black bears
  4 ice beasts
  13 orc warriors
  2 eyes of draining (D:12)
  11 ogres
  6 centaurs
  11 crocodiles
  15 wolves
  2 big kobolds
  14 bullfrogs
  A gnoll sergeant (D:5)
  4 scorpions
  52 killer bees
  17 wights
  4 electric eels
  4 howler monkeys
  7 lava snakes (Volcano)
  6 crimson imps
  4 centaur zombies
  A quasit (D:8)
  3 bullfrog zombies
  2 jellies
  34 orc priests
  2 centaur skeletons
  5 hounds
  12 orc wizards
  2 bullfrog skeletons
  Crazy Yiuf (D:7)
  Jessica (D:2)
  2 iguanas (D:6)
  12 worker ants
  A killer bee zombie (D:5)
  2 hound skeletons
  3 gnolls (D:5)
  10 adders
  4 shadow imps
  An ooze (D:2)
  An adder skeleton (D:10)
  8 worms
  2 dart slugs
  7 leopard geckos
  107 orcs
  5 giant cockroaches
  10 goblins
  10 hobgoblins
  10 jackals
  8 quokkas
  2 ball pythons (D:3)
  3 bats
  5 frilled lizards
  12 kobolds
  A quokka zombie (D:6)
  12 rats
  4 fungi
  A plant (Lair:4)
636 creatures vanquished.

Vanquished Creatures (collateral kills)
  A killer bee (Lair:4)
1 creature vanquished.

Vanquished Creatures (others)
  12 fungi
  2 plants
14 creatures vanquished.

Grand Total: 651 creatures vanquished

Notes
Turn   | Place    | Note
-------+----------+-------------------------------------------
     0 | D:1      | Swifterio the Octopode Wizard began the quest for the Orb.
     0 | D:1      | Reached XP level 1. HP: 11/11 MP: 4/4
   130 | D:1      | Reached XP level 2. HP: 10/17 MP: 0/6
   662 | D:2      | Noticed Jessica
   667 | D:2      | Killed Jessica
   667 | D:2      | Reached XP level 3. HP: 21/21 MP: 1/7
   876 | D:2      | Reached XP level 4. HP: 27/27 MP: 5/8
   880 | D:2      | Learned a level 2 spell: Blink
   884 | D:2      | Learned a level 3 spell: Conjure Flame
   888 | D:2      | Learned a level 3 spell: Mephitic Cloud
  1978 | D:3      | Reached XP level 5. HP: 30/31 MP: 2/9
  2563 | D:3      | Reached skill level 5 in Conjurations
  3101 | D:4      | Found Demminu's Magic Scroll Boutique.
  3104 | D:4      | Bought a scroll of enchant armour for 105 gold pieces
  3104 | D:4      | Bought a scroll of identify for 28 gold pieces
  3104 | D:4      | Bought a scroll of remove curse for 42 gold pieces
  3104 | D:4      | Bought a scroll of teleportation for 42 gold pieces
  3419 | D:4      | Reached XP level 6. HP: 34/36 MP: 5/10
  3450 | D:4      | Found a glowing silver altar of Zin.
  4170 | D:4      | Found a white marble altar of Elyvilon.
  4607 | D:5      | Entered Level 5 of the Dungeon
  4853 | D:5      | Reached XP level 7. HP: 22/41 MP: 4/11
  5431 | D:5      | Found an ancient bone altar of Kikubaaqudgha.
  5825 | D:5      | Found a staircase to the Ecumenical Temple.
  5863 | Temple   | Entered the Ecumenical Temple
  5907 | Temple   | Became a worshipper of Sif Muna the Loreminder
  6141 | D:5      | Reached XP level 8. HP: 46/46 MP: 8/12
  6265 | D:6      | Found Reylosat's Magic Scroll Emporium.
  6293 | D:6      | Bought a scroll of blinking for 75 gold pieces
  6619 | D:6      | Reached * piety under Sif Muna
  6688 | D:6      | Reached skill level 10 in Conjurations
  7605 | D:7      | Found a runed door.
  7609 | D:7      | Noticed Crazy Yiuf
  7612 | D:7      | Killed Crazy Yiuf
  7619 | D:7      | Reached skill level 4 in Spellcasting
  7619 | D:7      | Reached XP level 9. HP: 47/51 MP: 11/15
  8244 | D:7      | Reached skill level 5 in Spellcasting
  8264 | D:7      | Learned a level 2 spell: Repel Missiles
  8368 | D:7      | Reached ** piety under Sif Muna
  8503 | D:8      | Found a staircase to the Lair.
  8524 | D:8      | Reached skill level 6 in Spellcasting
  8743 | D:8      | Found an iron altar of Okawaru.
  8743 | D:8      | Found a faded altar of an unknown god.
  8768 | D:8      | Found a faded altar of an unknown god.
  8770 | D:8      | Found a faded altar of an unknown god.
  8771 | D:8      | Found a faded altar of an unknown god.
  9011 | D:8      | Reached skill level 7 in Spellcasting
  9036 | D:8      | Found a burning altar of Makhleb.
  9331 | D:8      | Found a shimmering altar of Xom.
  9333 | D:8      | Found a hide-covered altar of Uskayaw.
  9333 | D:8      | Found a glowing silver altar of Zin.
  9335 | D:8      | Found a sacrificial altar of Ru.
  9335 | D:8      | Found a shadowy altar of Dithmenos.
  9335 | D:8      | Found a glowing silver altar of Zin.
  9481 | D:8      | Reached *** piety under Sif Muna
  9564 | D:8      | Reached skill level 8 in Spellcasting
 10108 | D:9      | Reached XP level 10. HP: 56/56 MP: 17/22
 10294 | D:9      | Noticed androgeny's ghost (novice FoFi)
 10330 | D:9      | Reached skill level 9 in Spellcasting
 11580 | D:9      | Reached skill level 10 in Spellcasting
 11730 | D:9      | Reached **** piety under Sif Muna
 11770 | D:9      | Found an opulent altar of Gozag.
 12330 | D:10     | Entered Level 10 of the Dungeon
 12586 | D:9      | Killed androgeny's ghost
 12586 | D:9      | Reached skill level 1 in Fighting
 12586 | D:9      | Reached skill level 11 in Spellcasting
 12666 | D:9      | HP: 2/59 [something (11)]
 12960 | Lair:1   | Entered Level 1 of the Lair of Beasts
 13028 | Lair:1   | Learned a level 5 spell: Fireball
 13065 | Lair:1   | Noticed a spiny frog
 13069 | Lair:1   | Killed a spiny frog
 13069 | Lair:1   | Reached skill level 1 in Fire Magic
 13076 | Lair:1   | Reached XP level 11. HP: 60/64 MP: 8/26
 13720 | Lair:1   | Noticed Harold
 13743 | Lair:1   | Killed Harold
 13743 | Lair:1   | Reached ***** piety under Sif Muna
 14392 | Lair:2   | Noticed a six-headed hydra
 14530 | Lair:2   | Found a staircase to the Shoals.
 14598 | Lair:2   | Killed a six-headed hydra
 15166 | Lair:2   | Identified Sif Muna's Incunabulum of Black Magic and the Blaze (Sif Muna gifted it to you on level 2 of the Lair of Beasts)
 15166 | Lair:2   | Received a gift from Sif Muna
 15166 | Lair:2   | Reached skill level 5 in Fire Magic
 15514 | Lair:2   | Reached skill level 12 in Spellcasting
 16050 | Lair:2   | Found a staircase to the Snake Pit.
 16175 | Lair:3   | Noticed a seven-headed hydra
 16198 | Lair:3   | Reached XP level 12. HP: 70/72 MP: 18/28
 16314 | Lair:3   | Reached skill level 5 in Translocations
 16456 | Lair:3   | Noticed a seven-headed hydra
 16636 | Lair:3   | Learned a level 5 spell: Iskenderun's Battlesphere
 16665 | Lair:3   | Noticed Fannar
 16686 | Lair:3   | Found a burning altar of Makhleb.
 16710 | Lair:3   | Killed a seven-headed hydra
 16820 | Lair:3   | Killed a seven-headed hydra
 16947 | Lair:3   | Killed Fannar
 18221 | Lair:4   | Identified Sif Muna's Volume of the Three Spirits (Sif Muna gifted it to you on level 4 of the Lair of Beasts)
 18221 | Lair:4   | Received a gift from Sif Muna
 18705 | Lair:4   | Noticed a seven-headed hydra
 18709 | Lair:4   | Killed a seven-headed hydra
 18711 | Lair:4   | Noticed a death yak
 18716 | Lair:4   | Noticed a death yak
 18718 | Lair:4   | Noticed a death yak
 18802 | Lair:4   | Noticed a seven-headed hydra
 19052 | Lair:4   | Killed a seven-headed hydra
 19052 | Lair:4   | Reached XP level 13. HP: 79/79 MP: 13/29
 19258 | Lair:4   | Reached skill level 13 in Spellcasting
 20109 | Lair:2   | Reached skill level 5 in Dodging
 20798 | Lair:3   | Learned a level 2 spell: Searing Ray
 21719 | Lair:4   | Reached skill level 5 in Fighting
 21903 | Lair:4   | Identified Sif Muna's Papyrus of Fetching Arcane Weapons (Sif Muna gifted it to you on level 4 of the Lair of Beasts)
 21903 | Lair:4   | Received a gift from Sif Muna
 22086 | Lair:4   | Reached skill level 5 in Stealth
 23431 | D:10     | Noticed Maurice
 23523 | D:10     | Killed Maurice
 23727 | D:11     | Noticed DrakieV's ghost (journeyman MiBe)
 23966 | D:11     | Learned a level 4 spell: Force Lance
 24098 | D:11     | Found Goid's Distillery.
 24100 | D:11     | Bought a potion of curing for 42 gold pieces
 24100 | D:11     | Bought a potion of curing for 42 gold pieces
 24100 | D:11     | Bought a potion of heal wounds for 70 gold pieces
 24100 | D:11     | Bought a potion of cancellation for 112 gold pieces
 24100 | D:11     | Bought a potion of curing for 42 gold pieces
 24755 | D:11     | Found an opulent altar of Gozag.
 25255 | D:11     | Killed DrakieV's ghost
 26666 | D:11     | Reached XP level 14. HP: 80/88 MP: 22/31
 26760 | D:11     | Learned a level 4 spell: Iskenderun's Mystic Blast
 26910 | D:12     | Found a staircase to the Orcish Mines.
 27612 | D:12     | Noticed Rupert
 27619 | D:12     | Paralysed by Rupert for 4 turns
 27674 | D:12     | Paralysed by Rupert for 6 turns
 27895 | D:12     | Paralysed by Rupert for 4 turns
 27962 | D:12     | Paralysed by Rupert for 6 turns
 27976 | D:12     | Killed Rupert
 28399 | Orc:1    | Entered Level 1 of the Orcish Mines
 28539 | Orc:1    | Reached skill level 14 in Spellcasting
 28802 | Orc:1    | Received a gift from Sif Muna
 29097 | Orc:2    | Entered Level 2 of the Orcish Mines
 29273 | Orc:2    | Found a staircase to the Elven Halls.
 29310 | Orc:2    | Found a dark tunnel.
 29463 | Volcano  | Entered a volcano
 30223 | Volcano  | Found a radiant altar of Vehumet.
 31206 | Orc:2    | Found a roughly hewn altar of Beogh.
 31404 | Orc:2    | Noticed Azrael
 31645 | Orc:2    | Noticed Donald
 31674 | Orc:2    | Killed Donald
 32158 | Orc:2    | Found Hukoz's Antique Weapon Shop.
 32158 | Orc:2    | Found Hievuod's Weapon Emporium.
 32364 | Orc:2    | Found Detus's Book Shop.
 32364 | Orc:2    | Found Qouh's Jewellery Emporium.
 32403 | Orc:2    | Killed from afar by Azrael

Skill      XL: |  1  2  3  4  5  6  7  8  9 10 11 12 13 14 |
---------------+-------------------------------------------+-----
Conjurations   | 2 3 4 5 7 8 10 11 12 13 | 13.2
Spellcasting   | 4 8 11 12 13 14 | 14.2
Fighting       | 2 3 4 5 6 |  6.5
Fire Magic     | 1 6 8 9 |  9.5
Dodging        | 3 4 6 |  6.8
Translocations | 4 5 6 |  6.0
Stealth        | 6 7 |  7.3
Summonings     | |  1.0

Action                   |  1- 3 |  4- 6 |  7- 9 | 10-12 | 13-15 || total
-------------------------+-------+-------+-------+-------+-------++-------
Melee: Short sword       |    17 |    43 |       |       |       ||    60
       Constrict         |     9 |    23 |    16 |    40 |    18 ||   106
       Tentacles         |     5 |    10 |     5 |    28 |    18 ||    66
       Unarmed           |     2 |       |       |       |       ||     2
       Staff             |       |    22 |    11 |       |    21 ||    54
       Trident           |       |       |   131 |   315 |   231 ||   677
 Cast: Magic Dart        |    45 |   211 |   270 |   387 |   300 ||  1213
       Conjure Flame     |       |     1 |    22 |    29 |    35 ||    87
       Blink             |       |     1 |     6 |    22 |    23 ||    52
       Mephitic Cloud    |       |     2 |    17 |    92 |   110 ||   221
       Repel Missiles    |       |       |     1 |     1 |       ||     2
       Fireball          |       |       |       |    50 |    98 ||   148
       Iskenderun's Batt |       |       |       |    16 |    34 ||    50
       Force Lance       |       |       |       |       |   192 ||   192
       Searing Ray       |       |       |       |       |    11 ||    11
       Iskenderun's Myst |       |       |       |       |    40 ||    40
Invok: Channel Magic     |       |       |       |       |     1 ||     1
       Divine Energy     |       |       |       |       |     1 ||     1
       Stop Divine Energ |       |       |       |       |     1 ||     1
Evoke: Wand              |       |       |       |       |    17 ||    17
  Use: Scroll            |       |       |    12 |    14 |    14 ||    40
       Potion            |       |       |       |     1 |     4 ||     5
 Stab: Sleeping          |       |     4 |     3 |     1 |     1 ||     9
       Confused          |       |       |     3 |    11 |    11 ||    25
       Distracted        |       |       |       |       |     1 ||     1
  Eat: Chunk             |       |    12 |    16 |    28 |    30 ||    86
       Fruit             |       |       |     3 |     2 |       ||     5
       Pizza             |       |       |       |     1 |       ||     1
       Bread ration      |       |       |       |     1 |     5 ||     6
       Beef jerky        |       |       |       |     1 |     1 ||     2
Armor: Skin              |     5 |       |     1 |     9 |     9 ||    24
Dodge: Dodged            |    14 |    66 |    94 |   134 |   113 ||   421
       Deflected         |       |       |     2 |     1 |     2 ||     5
